 Dungeon Crawl Stone Soup version 0.31-a0-1074-g0b22e4e0f1 (webtiles) character file.

Game seed: 17161917935491181498

1295 Jeffwins the Sneak (level 8, 0/37 HPs)
             Began as a Vine Stalker Hexslinger on Dec 5, 2023.
             Slain by a gnoll
             ... wielding a +0 halberd
             ... led by a gnoll bouda
              (4 damage)
             ... on level 5 of the Dungeon.
             The game lasted 00:08:02 (4037 turns).

Jeffwins the Sneak (Vine Stalker Hexslinger)        Turns: 4037, Time: 00:08:02

Health: 0/37       AC:  6    Str: 10    XL:     8   Next: 56%
Magic:  0/10       EV: 12    Int: 15    God:
Gold:   237        SH:  0    Dex: 18    Spells: 5/9 levels left

rFire   . . .        a - +1 sling
rCold   . . .        (no shield)
rNeg    + . .        c - +2 robe {rN+}
rPois   .            f - +1 helmet
rElec   .            (no cloak)
rCorr   .            (no gloves)
SInv    .            (no boots)
Will    +....        (no amulet)
Stlth   ++++         (no ring)
HPRegen 1.06/turn    (no ring)
MPRegen 0.12/turn

%: guardian spirit
@: no status effects
A: fangs 3, regeneration 1, magic shield, antimagic bite, no potion heal 2
a: no special abilities


You were on level 5 of the Dungeon.
You visited 1 branch of the dungeon, and saw 5 of its levels.

You collected 237 gold pieces.


Innate Abilities, Weirdness & Mutations

You have razor-sharp teeth.
Your natural rate of healing is unusually fast.
When hurt, damage is shared between your health and your magic reserves.
Your bite disrupts and absorbs the magic of your enemies.
Potions cannot restore your health.


   Skills:
 - Level 1.0 Fighting
 + Level 5.6 Ranged Weapons
 - Level 2.0 Dodging
 + Level 7.6 Stealth
 - Level 1.1 Spellcasting
 + Level 4.7 Hexes
 + Level 3.5 Translocations
 - Level 1.0 Fire Magic


You had 5 spell levels left.
You knew the following spells:

 Your Spells              Type           Power      Damage    Failure   Level
z - Dimensional Bullseye  Hex/Tloc       6%         N/A       41%         4

Your spell library contained the following spells:

 Spells                   Type           Power      Damage    Failure   Level
 Jinxbite                 Hex            30%        N/A       5%          2
 Lesser Beckoning         Tloc           22%        N/A       9%          2
 Sigil of Binding         Hex            15%        N/A       11%         3
 Gell's Gravitas          Tloc           11%        N/A       17%         3
 Teleport Other           Tloc           11%        N/A       17%         3
 Inner Flame              Hex/Fire       9%         N/A       22%         3
 Dazzling Flash           Conj/Hex       14%        N/A       28%         3
 Cause Fear               Hex            7%         N/A       34%         4
 Silence                  Hex/Air        3%         N/A       95%         5
 Agony                    Necr           0%         N/A       100%        5

Inventory:

Hand Weapons
 a - a +1 sling (weapon)
 b - a +0 whip of venom
 i - a +0 orcbow
Missiles
 s - a throwing net {=f}
Armour
 c - a +2 robe of positive energy (worn)
 f - a +1 helmet (worn)
Magical Staves
 u - a staff of fire
Jewellery
 C - a ring of ice
Talismans
 k - a serpent talisman
Scrolls
 d - a scroll of poison {!r}
 e - a scroll of acquirement {unknown}
 g - a scroll of enchant armour
 j - a scroll of teleportation {unknown}
 l - 2 scrolls of fear {unknown}
 m - 2 scrolls of identify {unknown}
 o - a scroll of noise {unknown}
 r - 2 scrolls of fog {unknown}
Potions
 h - a potion of haste {unknown}
 n - a potion of berserk rage {unknown}
 p - a potion of cancellation {unknown}
 q - a potion of lignification {unknown}
 t - a potion of brilliance {unknown}

Dungeon Overview and Level Annotations

Branches:
Dungeon (5/15)
 Temple: D:4-7

Altars:
Fedhas
Makhleb

Annotations:
D:5 Blork the orc

.....#.#.≈.░.⚑.░.≈..#
#......).≈.░.....≈.##
#........≈.░░░░░.≈.# ##
#.#..#...≈.......≈.#
.###..#.....≈≈≈≈≈≈≈≈≈.#
..##.................#
#.#####............###
#..# #............##
...####.###@............#
......).)g..##.##....[...
#..####.######.........(.
#...####...........
###...###..........
###..###.#......
##............
####......... ####......


You could see a gnoll.


Message History

Aim: a gnoll, wielding a +0 halberd (covering ground quickly, 65% to hit)
You shoot a sling bullet. The sling bullet hits the gnoll.
The gnoll is lightly wounded.
The gnoll hits you from afar with a +0 halberd.
* * * LOW HITPOINT WARNING * * *
Fire: a) +1 sling
Press: ? - help, Q - select action, (/) - cycle Shift-Dir - straight line, f/p - gnoll
Aim: a gnoll, wielding a +0 halberd (lightly wounded, covering ground quickly, 65% to hit)
You shoot a sling bullet.
The sling bullet barely misses the gnoll.
The gnoll hits you from afar with a +0 halberd.
* * * LOW HITPOINT WARNING * * *
Fire: a) +1 sling
Press: ? - help, Q - select action, (/) - cycle Shift-Dir - straight line, f/p - gnoll
Aim: a gnoll, wielding a +0 halberd (lightly wounded, covering ground quickly, 65% to hit)
You shoot a sling bullet. The sling bullet hits the gnoll.
The gnoll is moderately wounded.
The gnoll barely misses you.
Fire: a) +1 sling
Press: ? - help, Q - select action, (/) - cycle Shift-Dir - straight line, f/p - gnoll
Aim: a gnoll, wielding a +0 halberd (moderately wounded, covering ground quickly, 65% to hit)
You shoot a sling bullet.
The sling bullet hits the gnoll but does no damage.
The gnoll is moderately wounded.
The gnoll hits you from afar with a +0 halberd!
* * * LOW HITPOINT WARNING * * *
Okay, then.
The gnoll is no longer moving quickly.
The gnoll attacks as it pursues you!
The gnoll hits you from afar with a +0 halberd.
You die...

Skill      XL: |  1  2  3  4  5  6  7  8 |
---------------+-------------------------+-----
Fighting       | 1 |  1.0
Stealth        | 1 2 5 6 7 |  7.6
Ranged Weapons | 2 3 4 5 |  5.6
Dodging        | 2 |  2.0
Translocations | 2 3 |  3.5
Hexes          | 4 |  4.7
Spellcasting   | |  1.1
Fire Magic     | |  1.0

Action                     |  1- 3 |  4- 6 |  7- 9 || total
---------------------------+-------+-------+-------++-------
  Melee: Whip              |       |    13 |    48 ||    61
         Bite              |       |     5 |    15 ||    20
   Fire: Sling             |   111 |   223 |   182 ||   516
    Use: Scroll            |       |     1 |       ||     1
   Stab: Sleeping          |       |     1 |       ||     1
 Armour: Robe              |    31 |    45 |   173 ||   249
         Animal skin       |     4 |     7 |       ||    11
  Dodge: Dodged            |    45 |    66 |   121 ||   232
         Form:             |       |     1 |       ||     1
         Anaconda          |       |     1 |       ||     1

Levels and vault maps discovered:
D:1:      psy_arrival_terrarium, layout_loops_ring, serial_forest,
          infiniplex_forest_zigzag_1, infiniplex_forest_end_double,
          infiniplex_forest_lined_2, infiniplex_forest_clump_small,
          infiniplex_forest_straight_4, infiniplex_forest_clump_small,
          infiniplex_forest_lined_3, hangedman_decor_push
D:2:      layout_rooms, uniq_sigmund, uniq_robin
D:3:      layout_basic, bloody_makhleb, chequers_ecumenical_altar_grove,
          grunt_ministairs_9, uniq_jessica
D:4:      minmay_recursive_quarters, layout_cave_pools, nrook_loot_triangle
D:5:      layout_rooms, mainiacjoe_overflow_brackets, temple_statues,
          serial_shops, shop_fountains, nicolae_grassy_gnolls,
          uniq_blork_the_orc

Notes
Turn   | Place    | Note
-------+----------+-------------------------------------------
     0 | D:1      | Jeffwins the Vine Stalker Hexslinger began the quest for
                  | the Orb.
     0 | D:1      | Reached XP level 1. HP: 9/9 MP: 3/3
    19 | D:1      | Reached skill level 1 in Fighting
    88 | D:1      | Reached skill level 1 in Stealth
   150 | D:1      | Reached skill level 2 in Ranged Weapons
   150 | D:1      | Reached XP level 2. HP: 14/14 MP: 4/4
   475 | D:1      | Reached skill level 2 in Dodging
   546 | D:1      | Reached XP level 3. HP: 18/18 MP: 5/5
   551 | D:1      | Reached skill level 2 in Stealth
   897 | D:2      | Noticed Robin
   918 | D:1      | Killed Robin
  1021 | D:2      | Reached XP level 4. HP: 20/22 MP: 4/6
  1038 | D:2      | Reached skill level 3 in Stealth
  1071 | D:2      | Noticed Sigmund
  1084 | D:2      | Killed Sigmund
  1085 | D:2      | Reached skill level 3 in Ranged Weapons
  1085 | D:2      | Reached skill level 5 in Stealth
  1085 | D:2      | Reached XP level 5. HP: 21/25 MP: 5/7
  1085 | D:2      | Reached XP level 6. HP: 25/30 MP: 5/8
  1160 | D:2      | Reached skill level 4 in Ranged Weapons
  1654 | D:3      | Noticed Jessica
  1668 | D:3      | Killed Jessica
  2000 | D:3      | Learned a level 4 spell: Dimensional Bullseye
  2190 | D:3      | Found a burning altar of Makhleb.
  2273 | D:3      | Found a faded altar of an unknown god.
  2647 | D:4      | Reached skill level 6 in Stealth
  2647 | D:4      | Reached XP level 7. HP: 24/33 MP: 5/9
  2820 | D:4      | Reached skill level 1 in Translocations
  3327 | D:5      | Entered Level 5 of the Dungeon
  3369 | D:5      | Noticed Blork the orc
  3615 | D:4      | Reached skill level 5 in Ranged Weapons
  3615 | D:4      | Reached skill level 2 in Translocations
  3651 | D:4      | Reached skill level 4 in Hexes
  3675 | D:3      | Gained mutation: You have razor-sharp teeth. [Vine Stalker
                  | growth]
  3675 | D:3      | Reached XP level 8. HP: 26/37 MP: 7/10
  3732 | D:4      | Reached skill level 7 in Stealth
  3874 | D:5      | Found a blossoming altar of Fedhas.
  3929 | D:5      | Reached skill level 3 in Translocations
  4036 | D:5      | HP: 3/37 [gnoll/+0 halberd[a gnoll bouda] (11)]
  4037 | D:5      | Slain by a gnoll

Vanquished Creatures
  Sigmund (D:2)
  An ice beast (D:5)
  An ogre (D:5)
  2 black bears
  A phantom (D:3)
  A scorpion (D:4)
  2 gnoll boudas
  2 orc priests
  2 hounds (D:4)
  2 jellies
  3 sleepcaps
  Jessica (D:3)
  Robin (D:1)
  10 gnolls
  4 adders
  2 worms
  A dart slug (D:3)
  23 orcs
  9 ball pythons
  13 endoplasms
  7 giant cockroaches
  16 goblins
  10 hobgoblins
  7 jackals
  6 quokkas
  5 bats
  3 frilled lizards
  7 kobolds
  5 rats
148 creatures vanquished.

Table legend: (Time is in decaauts)
 A = Elapsed time spent in this place.
 B = Non-inter-level travel time spent in this place.
 C = Inter-level travel time spent in this place.
 D = Time resting spent in this place.
 E = Time spent auto-exploring this place.
 F = Levels seen in this place.
 G = Mean time per level.
                   A        B        C        D        E       F      G
               +--------+--------+--------+--------+--------+-----+--------+
         Total |   4154 |   3853 |    301 |    219 |   2503 |   5 |  830.8 |
       Dungeon |   4154 |   3853 |    301 |    219 |   2503 |   5 |  830.8 |
               +--------+--------+--------+--------+--------+-----+--------+

Top non-repeatable levels by time:
     D:4: 1170 daAuts
     D:3: 1120 daAuts
     D:1: 971 daAuts
     D:2: 606 daAuts
     D:5: 285 daAuts

Table legend:
 A = Non-vault XP
 B = Vault XP
 C = Vault XP percentage of total XP
 D = Non-vault monster count
 E = Vault monster count
 F = Vault count percentage of total count
                 A         B        C        D         E       F
            +---------+---------+-------+---------+---------+-------
      Total |    1340 |     510 |  27.6 |     121 |      27 |  18.2
            +---------+---------+-------+---------+---------+-------
        D:1 |      44 |      21 |  32.3 |      25 |       4 |  13.8
        D:2 |      85 |     252 |  74.8 |      27 |       8 |  22.9
        D:3 |     220 |      40 |  15.4 |      31 |       3 |   8.8
        D:4 |     474 |     144 |  23.3 |      27 |      10 |  27.0
        D:5 |     517 |      53 |   9.3 |      11 |       2 |  15.4
            +---------+---------+-------+---------+---------+-------
